 Dungeon Crawl Stone Soup version 0.31-a0-640-g39d97e502b (webtiles) character file.

Game seed: 6663879208182632022

1221 qw the Skirmisher (level 8, -3/51 HPs)
             Began as a Gargoyle Hunter on Aug 27, 2023.
             Killed by divine providence
             ... invoked by an orc priest
              (15 damage)
             ... on level 5 of the Dungeon.
             The game lasted 00:01:44 (4080 turns).

qw the Skirmisher (Gargoyle Hunter)                 Turns: 4080, Time: 00:01:44

Health: -3/51      AC: 12    Str: 16    XL:     8   Next: 47%
Magic:  8/8        EV: 12    Int:  9    God:
Gold:   150        SH:  0    Dex: 15    Spells: 7/7 levels left

rFire   + . .        Y - +1 shortbow
rCold   . . .        (shield currently unavailable)
rNeg    + . .        e - +0 acid dragon scales
rPois   inf          (no helmet)
rElec   +            (no cloak)
rCorr   +            (no gloves)
SInv    .            (no boots)
Will    .....        k - amulet of faith
Stlth   +            j - ring of protection from fire
HPRegen 0.28/turn    (no ring)
MPRegen 0.11/turn

%: faith
@: no status effects
A: sickness immunity, AC +5, negative energy resistance 1, electricity
resistance, torment resistance 1, petrification resistance
a: no special abilities


You were on level 5 of the Dungeon.
You visited 1 branch of the dungeon, and saw 5 of its levels.

You collected 186 gold pieces.
You spent 36 gold pieces at shops.


Innate Abilities, Weirdness & Mutations

You are immune to sickness and miasma.
Your stone body is resilient. (AC +5)
You are immune to poison.
You resist negative energy. (rN+)
You are resistant to electric shocks. (rElec)
You are resistant to unholy torment.
You are immune to petrification.


   Skills:
 + Level 5.8 Fighting
 - Level 9.0 Ranged Weapons
 - Level 2.0 Armour
 - Level 2.2 Dodging
 - Level 1.1 Stealth


You had 7 spell levels left.
You didn't know any spells.
Your spell library was empty.

Inventory:

Hand Weapons
 Y - a +1 shortbow (weapon)
Armour
 d - a +0 pair of gloves
 e - +0 acid dragon scales (worn)
Jewellery
 j - a ring of protection from fire (left hand)
 k - an amulet of faith (around neck)
Scrolls
 a - 5 scrolls of identify
 l - a scroll of revelation {unknown}
Potions
 b - a potion of curing
 c - a potion of resistance
 f - 2 potions of haste
 g - a potion of heal wounds {unknown}
 h - a potion of brilliance {unknown}
 i - a potion of might {unknown}

Dungeon Overview and Level Annotations

Branches:
Dungeon (5/15)
 Temple: D:4-7

Altars:
Ashenzari
Hepliaklqana
Kikubaaqudgha

Shops:
D:3 *


Message History

The orc is almost dead.
The orc wizard hits you but does no damage.
You shoot an arrow. The arrow hits the orc wizard!
You kill the orc wizard!
You shoot an arrow. The arrow barely misses the phantom.
The arrow closely misses the orc.
The arrow closely misses the orc priest.
You shoot an arrow. The arrow hits the phantom!
The phantom is moderately damaged.
You shoot an arrow. The arrow hits the phantom.
The phantom is moderately damaged.
You shoot an arrow. The arrow hits the phantom.
The phantom is heavily damaged.
The phantom hits you.
The phantom blinks!
The orc hits you but does no damage.
The orc priest mumbles some strange prayers to Beogh against you.
Beogh smites you!
You shoot an arrow. The arrow hits the orc!
You kill the orc!
You shoot an arrow. The arrow hits the phantom!
The phantom is almost destroyed.
The phantom hits you but does no damage.
The orc priest invokes the aid of Beogh against you.
Beogh smites you!
You shoot an arrow.
The arrow completely misses the phantom.
The arrow hits the orc!
You kill the orc!
The phantom hits you.
You shoot an arrow.
The arrow hits the phantom but does no damage.
The phantom is severely damaged.
The phantom hits you.
The phantom blinks!
You blink.
You shoot an arrow. The arrow barely misses the phantom.
The phantom hits you.
You shoot an arrow.
The arrow completely misses the phantom.
The phantom hits you but does no damage.
The orc priest invokes the aid of Beogh against you.
Beogh smites you!
You die...

#...........##...#.###.....#####
#...........##.....)...........
#.....¤¤....##.....####....####
#......¤¤P¤.##...### .P...#
#.###.¤.¤¤¤¤#..|#### #....## #.#
#.P¤¤¤¤¤.......# #..P.#
##.###.¤.¤¤.........# #...P#
.....#.¤............# ##...#
................@W..# #...
...........>........#
......>.............######..
............#.#####..o)o....
......######### ######....
......# . ......# ......#
......#


You could see a phantom and an orc priest.

Vanquished Creatures
  Sigmund (D:2)
  Edmund (D:5)
  A black bear (D:5)
  2 phantoms
  3 scorpions
  A water moccasin zombie (D:5)
  A bullfrog zombie (D:5)
  A centaur zombie (D:5)
  A hound (D:5)
  An orc priest (D:5)
  Jessica (D:2)
  An iguana (D:4)
  An orc wizard (D:5)
  A killer bee zombie (D:5)
  2 hound zombies (D:5)
  A gnoll (D:1)
  6 adders
  A white imp (D:3)
  An adder skeleton (D:5)
  5 dart slugs
  6 worms
  13 orcs
  9 endoplasms
  3 giant cockroaches
  6 goblins
  9 hobgoblins
  2 jackals (D:3)
  3 quokkas
  6 ball pythons
  6 bats
  4 frilled lizards
  9 kobolds
  9 rats
118 creatures vanquished.

Notes
Turn   | Place    | Note
-------+----------+-------------------------------------------
     0 | D:1      | qw the Gargoyle Hunter began the quest for the Orb.
     0 | D:1      | Reached XP level 1. HP: 12/12 MP: 1/1
     0 | D:1      | 0 ||| qw: Version: 0.3-a-74-g56b0e0c
     0 | D:1      | 0 ||| qw: Game counter: 15
     0 | D:1      | 0 ||| qw: Melee chars always use a shield: true
     0 | D:1      | 0 ||| qw: God list: Okawaru
     0 | D:1      | 0 ||| qw: Allow faded altars: false
     0 | D:1      | 0 ||| qw: Do Orc after clearing Dungeon:15 true
     0 | D:1      | 0 ||| qw: Do second Lair branch before Depths: true
     0 | D:1      | 0 ||| qw: Lair rune preference: random
     0 | D:1      | 0 ||| qw: Goals: Normal
     0 | D:1      | 0 ||| PLANNING D:1-11
   174 | D:1      | Reached XP level 2. HP: 17/17 MP: 2/2
   454 | D:1      | Reached XP level 3. HP: 21/21 MP: 3/3
   539 | D:1      | Reached skill level 5 in Ranged Weapons
   990 | D:1      | 990 ||| UPGRADING to +0 ring mail.
  1000 | D:1      | 1000 ||| DROPPING +0 leather armour.
  1001 | D:1      | 1001 ||| READING scroll labelled HYDON HEGELY.
  1002 | D:1      | 1002 ||| READING scroll labelled YBBOSU ZOIT.
  1003 | D:1      | 1003 ||| READING scroll labelled MEZ VIVACKUHI.
  1004 | D:1      | 1004 ||| READING scroll labelled NIMONW VUIRCHON.
  1007 | D:1      | 1007 ||| DROPPING scroll of butterflies.
  1111 | D:2      | Noticed Jessica
  1113 | D:2      | Killed Jessica
  1114 | D:2      | Reached XP level 4. HP: 27/27 MP: 4/4
  1169 | D:2      | Noticed Sigmund
  1187 | D:2      | Killed Sigmund
  1188 | D:2      | Reached XP level 5. HP: 28/35 MP: 5/5
  1239 | D:2      | Reached XP level 6. HP: 40/40 MP: 6/6
  1258 | D:2      | You fall into a shaft and drop 2 floors!
  1428 | D:4      | 1428 ||| READING scroll labelled WITASK SISHEQ.
  1457 | D:3      | Found Kaafor's Assorted Antiques.
  1463 | D:3      | 1463 ||| BUYING scroll of identify (36 gold).
  1463 | D:3      | Bought a scroll of identify for 36 gold pieces
  1463 | D:3      | 1463 ||| SHOPLISTING scroll of teleportation (54 gold, have
                  | 40).
  1463 | D:3      | 1463 ||| SHOPLISTING tourmaline ring (90 gold, have 40).
  1505 | D:3      | 1505 ||| READING 2 scrolls of identify.
  1505 | D:3      | 1505 ||| IDENTIFYING inky potion
  1811 | D:2      | 1811 ||| READING scroll labelled FEAFRI QECVULOU.
  1812 | D:2      | 1812 ||| DRINKING 2 metallic grey potions.
  1986 | D:3      | Reached skill level 6 in Ranged Weapons
  2653 | D:3      | 2653 ||| UPGRADING to amulet of faith.
  2658 | D:3      | 2658 ||| UPGRADING to ring of protection from fire.
  2659 | D:3      | 2659 ||| READING scroll labelled XUHETA QIOTS.
  2760 | D:3      | 2760 ||| DRINKING 2 amethyst potions.
  2761 | D:3      | 2761 ||| DRINKING 2 glowing dark potions.
  2812 | D:3      | 2812 ||| READING 2 scrolls of identify.
  2812 | D:3      | 2812 ||| IDENTIFYING smoky white potion
  2813 | D:3      | 2813 ||| DROPPING potion of invisibility.
  2814 | D:3      | 2814 ||| DROPPING potion of lignification.
  3012 | D:4      | Reached XP level 7. HP: 38/44 MP: 7/7
  3195 | D:4      | Found a broken altar of Ashenzari.
  3195 | D:4      | Found a hazy altar of Hepliaklqana.
  3251 | D:4      | 3251 ||| UPGRADING to +0 acid dragon scales.
  3261 | D:4      | 3261 ||| DROPPING +0 ring mail.
  3262 | D:4      | 3262 ||| DRINKING 2 grey potions.
  3263 | D:4      | 3263 ||| DRINKING 2 potions of curing.
  3263 | D:4      | 3263 ||| (to cure confusion)
  3264 | D:4      | 3264 ||| DROPPING potion of ambrosia.
  3268 | D:5      | Entered Level 5 of the Dungeon
  3270 | D:5      | 3270 ||| STAIRDANCE
  3306 | D:5      | Reached skill level 7 in Ranged Weapons
  3319 | D:5      | HP: 11/44 [black bear (2)]
  3487 | D:5      | Reached skill level 8 in Ranged Weapons
  3507 | D:5      | Reached XP level 8. HP: 37/49 MP: 8/8
  3633 | D:5      | Noticed Edmund
  3662 | D:5      | Killed Edmund
  3781 | D:5      | Identified the +9 war axe of Mipneegh {antimagic, rElec rC+
                  | Will+++ Dex-4}
  3823 | D:5      | Reached skill level 9 in Ranged Weapons
  3911 | D:5      | Found an ancient bone altar of Kikubaaqudgha.
  4079 | D:5      | HP: 12/51 [phantom (4)]
  4080 | D:5      | Killed from afar by an orc priest

Levels and vault maps discovered:
D:1:      giann_bridges, layout_basic, serial_forest,
          infiniplex_forest_lined_corner, infiniplex_forest_corner_1,
          infiniplex_forest_end_1, infiniplex_forest_end_1,
          infiniplex_forest_zigzag_1, infiniplex_forest_clump_curved,
          infiniplex_forest_lined_3
D:2:      layout_basic, uniq_sigmund, uniq_jessica
D:3:      layout_basic, serial_shops, nicolae_shop_rolling_square,
          minmay_guardbox
D:4:      layout_rooms, gammafunk_temple_overflow_elements, grunt_ministairs_6
D:5:      layout_rooms, nicolae_kikubaaqudgha_miasma_corner, serial_undead,
          serial_undead_e, serial_undead_b, serial_undead_f, serial_undead_b,
          serial_undead_e, serial_undead_b, serial_shops,
          nicolae_lakefront_shop, minmay_misc_feat_hallway, kennysheep_potato,
          uniq_edmund

Skill      XL: |  1  2  3  4  5  6  7  8 |
---------------+-------------------------+-----
Ranged Weapons | 5 6 8 9 |  9.0
Armour         | 2 |  2.0
Fighting       | 5 |  5.8
Dodging        | 2 |  2.2
Stealth        | |  1.1

Action                     |  1- 3 |  4- 6 |  7- 9 || total
---------------------------+-------+-------+-------++-------
   Fire: Shortbow          |    56 |   206 |   185 ||   447
    Use: Scroll            |     4 |     5 |       ||     9
         Potion            |       |     3 |     2 ||     5
 Armour: Leather armour    |     6 |       |       ||     6
         Ring mail         |       |    40 |       ||    40
         Acid dragon scale |       |       |    72 ||    72
  Dodge: Dodged            |     8 |    58 |    70 ||   136

Table legend:
 A = Non-vault XP
 B = Vault XP
 C = Vault XP percentage of total XP
 D = Non-vault monster count
 E = Vault monster count
 F = Vault count percentage of total count
                 A         B        C        D         E       F
            +---------+---------+-------+---------+---------+-------
      Total |     803 |     942 |  54.0 |      92 |      26 |  22.0
            +---------+---------+-------+---------+---------+-------
        D:1 |      46 |       0 |   0.0 |      21 |       0 |   0.0
        D:2 |      39 |     263 |  87.1 |      19 |       2 |   9.5
        D:3 |      70 |      29 |  29.3 |      18 |      12 |  40.0
        D:4 |     182 |     115 |  38.7 |      18 |       3 |  14.3
        D:5 |     466 |     535 |  53.4 |      16 |       9 |  36.0
            +---------+---------+-------+---------+---------+-------
